 Dungeon Crawl Stone Soup version 0.28-a0-1510-gd0f6b136d3 (webtiles) character file.

Game seed: 2083748625043841494

26 psuckher the Skirmisher (level 3, -1/24 HPs)
             Began as a Gargoyle Monk on Jan 14, 2022.
             Slain by an iron imp (2 damage)
             ... summoned by Natasha
             ... on level 2 of the Dungeon.
             The game lasted 00:05:09 (1113 turns).

psuckher the Skirmisher (Gargoyle Monk)             Turns: 1113, Time: 00:05:09

Health: -1/24      AC:  5    Str: 16    XL:     3   Next: 8%
Magic:  3/3        EV: 12    Int: 10    God:
Gold:   6          SH:  0    Dex: 12    Spells: 2/2 levels left

rFire   . . .      SeeInvis .   a - +0 mace
rCold   . . .      Faith    .   (no shield)
rNeg    + . .      Spirit   .   b - +0 robe
rPois   ∞          Reflect  .   (no helmet)
rElec   +          Harm     .   (no cloak)
rCorr   .          Rampage  .   (no gloves)
Will    .....                   (no boots)
Stlth   ++........              (no amulet)
HPRegen 0.08/turn               (no ring)
MPRegen 0.08/turn               (no ring)

@: no status effects
A: sickness immunity, AC +3, negative energy resistance 1, electricity
resistance, torment resistance 1, petrification resistance
a: no special abilities


You were on level 2 of the Dungeon.
You visited 1 branch of the dungeon, and saw 2 of its levels.

You collected 6 gold pieces.

Inventory:

Hand Weapons
 a - a +0 mace (weapon)
Armour
 b - a +0 robe (worn)
 e - a +0 chain mail


   Skills:
 + Level 3.7 Fighting
 + Level 3.4 Maces & Flails
 + Level 2.8 Dodging
 + Level 2.2 Stealth


You had 2 spell levels left.
You didn't know any spells.
Your spell library was empty.

Dungeon Overview and Level Annotations

Branches:
Dungeon (2/15)

Altars:

Annotations:
D:2 Natasha


Innate Abilities, Weirdness & Mutations

You are immune to sickness and miasma.
Your stone body is resilient. (AC +3)
You are immune to poison.
You resist negative energy. (rN+)
You are resistant to electric shocks. (rElec)
You are resistant to unholy torment.
You are immune to petrification.


Message History

It was a potion of curing.
You feel better. The shadow imp hits you.
* * * LOW HITPOINT WARNING * * *
Natasha claws you but does no damage.
The crimson imp hits you but does no damage.
As you read the scroll labelled BEGEOHI OREED, it crumbles to dust.
It is a scroll of identify.
You don't have any unidentified items.
The shadow imp completely misses you. Natasha barely misses you.
The crimson imp hits you.
* * * LOW HITPOINT WARNING * * *
Natasha barely misses you. The crimson imp hits you.
* * * LOW HITPOINT WARNING * * *
You see here a +0 whip.
You miss the crimson imp. The shadow imp barely misses you.
Natasha barely misses you. The crimson imp hits you.
* * * LOW HITPOINT WARNING * * *
A kobold and a goblin come into view.
The crimson imp blinks!
Natasha mumbles some strange words.
The kobold shouts!
The goblin shouts!
The kobold throws a stone.
The stone barely misses you.
The stone hits the crimson imp.
The crimson imp blinks!
The kobold throws a stone.
The stone hits you.
* * * LOW HITPOINT WARNING * * *
The crimson imp blinks!
The kobold throws a stone.
The stone completely misses you.
You hit the goblin.
The goblin is severely wounded.
The shadow imp disappears in a puff of smoke!
An endoplasm comes into view.
The goblin hits you but does no damage. Natasha closely misses you.
You completely miss the goblin.
The goblin is severely wounded.
The kobold throws a stone.
The stone barely misses you. The goblin hits you but does no damage.
The iron imp misses you. Natasha closely misses you. The goblin misses you.
The iron imp shouts, "Slither hence, thou beslubbering folly-fallen gudgeon!"
The iron imp hits you.
You die...

#........#.#
#####......#
###.>.## #)†.#
#.).#
#####..5######
###........K....
.......5h......#
.......@......##
##.####.g.#####
# #...# #...#
#...# ##J## #.#
#.#


You could see an iron imp (summoned), Natasha, a crimson imp (summoned), an
endoplasm (wandering), a goblin and a kobold.

Vanquished Creatures
  An adder (D:2)
  A dart slug (D:2)
  2 giant cockroaches (D:1)
  A goblin (D:1)
  A hobgoblin (D:2)
  2 kobolds (D:2)
  2 quokkas (D:1)
  A ball python (D:1)
  2 bats (D:1)
  A frilled lizard (D:1)
  A rat (D:1)
15 creatures vanquished.

Notes
Turn   | Place    | Note
-------+----------+-------------------------------------------
     0 | D:1      | psuckher the Gargoyle Monk began the quest for the Orb.
     0 | D:1      | Reached XP level 1. HP: 14/14 MP: 1/1
   341 | D:1      | Reached XP level 2. HP: 19/19 MP: 2/2
  1087 | D:2      | Noticed Natasha
  1098 | D:2      | Reached XP level 3. HP: 16/24 MP: 3/3
  1109 | D:2      | HP: 1/24 [kobold/stone (2)]
  1113 | D:2      | Slain by an iron imp

Illustrated notes

Levels and vault maps discovered:
D:1:      nzn_arrival_depleted_hourglass, layout_basic, serial_glass,
          glass_columns_b, glass_columns_a, glass_columns_a, glass_columns_a,
          glass_columns_b, glass_columns_c, glass_columns_c, glass_columns_c,
          glass_columns_b, glass_columns_b, glass_columns_b, glass_columns_a,
          glass_columns_a, glass_columns_b
D:2:      layout_loops_cross, shapermc_ecumenical_altar_petra,
          uniq_crazy_yiuf_cottage, uniq_robin, uniq_natasha

Action                   || total
-------------------------++-------
Melee: Mace              ||    41
       Punch             ||     1
  Use: Scroll            ||     1
       Potion            ||     1
 Stab: Sleeping          ||     1
Armor: Robe              ||    24
Dodge: Dodged            ||    43

Table legend: (Time is in decaauts)
 A = Elapsed time spent in this place.
 B = Non-inter-level travel time spent in this place.
 C = Inter-level travel time spent in this place.
 D = Time resting spent in this place.
 E = Time spent auto-exploring this place.
 F = Levels seen in this place.
 G = Mean time per level.
                   A        B        C        D        E       F      G
               +--------+--------+--------+--------+--------+-----+--------+
         Total |   1124 |   1094 |     30 |      0 |      0 |   2 |  562.0 |
       Dungeon |   1124 |   1094 |     30 |      0 |      0 |   2 |  562.0 |
               +--------+--------+--------+--------+--------+-----+--------+

Top non-repeatable levels by time:
     D:1: 1000 daAuts
     D:2: 123 daAuts
